 Dungeon Crawl Stone Soup version 0.15.2 (webtiles) character file.

5216 Heini the Basher (level 10, -3/110 HPs)
             Began as a Minotaur Fighter on Feb 5, 2015.
             Was an Elder of Okawaru.
             Slain by a wolf (5 damage)
             ... led by Grum
             ... on Level 9 of the Dungeon.
             The game lasted 00:23:48 (7549 turns).

Heini the Basher (Minotaur Fighter)                 Turns: 7549, Time: 00:23:49

HP  -3/110       AC 14     Str 25      XL: 10   Next: 35%
MP   2/4         EV  8     Int  5      God: Okawaru [****..]
Gold 378         SH 12     Dex 12      Spells:  0 memorised,  9 levels left

rFire  . . .     SeeInvis .     K - -3 flail (curse)
rCold  . . .     Clarity  +     b - +1 scale mail
rNeg   . . .     rCorr    .     c - +0 shield
rPois  .         rRot     .     (helmet restricted)
rElec  .         Spirit   .     o - +0 cloak
SustAb .         Warding  .     (no gloves)
rMut   .         Stasis   .     u - +0 pair of boots
Gourm  .                        A - amulet of clarity
MR     .....                    D - ring of Vitality {HP+15 Regen}
                                z - +3 ring of dexterity

@: lethally poisoned, heroism, not resistant to hostile enchantments, very
unstealthy
A: retaliatory headbutt, horns 2
a: Heroism, Renounce Religion


You were on level 9 of the Dungeon.
You worshipped Okawaru.
Okawaru was greatly pleased with you.
You were not hungry.

You visited 2 branches of the dungeon, and saw 11 of its levels.

You collected 378 gold pieces.

Inventory:

Hand weapons
 a - a +0 flail
 K - a cursed -3 flail (weapon)
 L - a +0 flail of crushing
 R - a +0 morningstar
Armour
 b - a +1 scale mail (worn)
 c - a +0 shield (worn)
 o - a +0 cloak (worn)
 u - a +0 pair of boots (worn)
Magical devices
 h - a wand of slowing (14)
 q - a wand of flame (13)
 r - a wand of teleportation (2) {unknown}
 s - a wand of slowing (13)
 B - a wand of flame (11)
 C - a wand of draining (5) {unknown}
Comestibles
 d - 5 bread rations
 f - 5 meat rations
 v - 5 fruits
 F - 2 slices of pizza
 S - a beef jerky
 U - a chunk of wolf flesh
Scrolls
 g - a scroll of recharging
 p - a scroll of enchant armour
 G - a scroll of remove curse
 M - a scroll of torment {unknown}
 Q - 2 scrolls of identify
Jewellery
 w - an uncursed ring of see invisible
 y - a +3 ring of intelligence
 z - a +3 ring of dexterity (left hand)
 A - an amulet of clarity (around neck)
 D - the ring of Vitality (right hand) {HP+15 Regen}
   (You found it on level 7 of the Dungeon)

   [ring of regeneration]

   It affects your health (+15).
   It increases your rate of regeneration.
 H - an uncursed ring of magical power {unknown}
 N - an uncursed ring of protection from magic {unknown}
 O - an uncursed ring of protection from magic {unknown}
 P - a cursed +2 ring of strength {unknown}
Potions
 e - a potion of might
 i - a potion of agility
 j - 2 potions of flight
 k - 2 potions of curing
 l - 2 potions of magic
 m - a potion of porridge
 n - a potion of heal wounds
 t - 4 potions of brilliance
 x - 2 potions of haste {unknown}
 E - a potion of restore abilities {unknown}
 I - a potion of cure mutation {unknown}
 J - 2 potions of poison
 T - a potion of lignification {unknown}


   Skills:
 * Level 11.0(16.0) Fighting
 * Level 11.8(16.8) Maces & Flails
 * Level 10.1(15.1) Armour
 - Level 3.6(8.6) Shields
 + Level 0.2 Evocations


You had 9 spell levels left.
You didn't know any spells.

Dungeon Overview and Level Annotations

Branches:
Dungeon (10/15)            Temple (1/1) D:6
    Orc: D:9-12        Lair: D:8-11

Altars:
Ashenzari
Cheibriados
Dithmenos
Elyvilon
Fedhas
Kikubaaqudgha
Makhleb
Nemelex Xobeh
Okawaru
Qazlal
Sif Muna
Trog
Vehumet
Xom
Yredelemnul
Zin
The Shining One

Shops:
D:4 *(}!   D:8 %[*}(   D:9 !

Annotations:
D:6 exclusion: statue
D:9 Grum


Innate Abilities, Weirdness & Mutations

You reflexively headbutt those who attack you in melee.
You have a pair of horns on your head.


Message History

You bludgeon the wolf!! Your headbutt misses the wolf.
The wolf is severely wounded.
You feel sick. You block the wolf's attack. You block Grum's attack.
You completely miss the wolf.
The wolf is severely wounded.
The wolf bites you.
* * * LOW HITPOINT WARNING * * *
The orc hits you but does no damage. You block the wolf's attack.
You miss the wolf.
The wolf is severely wounded.
You feel sick. You block the wolf's attack.
Grum hits you from afar with a runed halberd!
* * * LOW HITPOINT WARNING * * *
You miss the wolf. You headbutt the wolf.
The wolf is almost dead.
The orc hits you with a flail.
* * * LOW HITPOINT WARNING * * *
You block the wolf's attack. The wolf bites you.
You die...

#..# ...#
##################### ..##
#...................# ###
#.######.##.#).####.# #
#.# #.##.#..####.# ###.#
#.##.........# #.).#
#.#og.....#..# ###.###
#.#h##.......# #...######
#..@......#.##
#........#####.##.##.#.#
###..#####.......##......#
..#..#####.............###
..#..##.........###.####
..#..##.##......# #.#
###..##.##......# #.# #
#........###### #.#
###.###.#### #.#


You could see Grum, a wolf and an orc.

Vanquished Creatures
  The ghost of Heini the Basher, a powerful MiFi of Okawaru (D:9)
  A gargoyle (D:9)
  The ghost of Arvee the Skirmisher, an average DDBe of Trog (D:3)
  A human (D:5)
  A hill giant zombie (D:9)
  A hippogriff (D:7)
  2 water moccasins (D:8)
  2 wolves (D:9)
  3 necrophages
  A sky beast (D:5)
  2 phantoms (D:5)
  2 ice beasts
  4 centaurs
  An ogre (D:5)
  6 giant frogs
  A gnoll sergeant (D:7)
  3 scorpions
  4 wights (D:9)
  2 crimson imps (D:6)
  2 jellies
  7 hounds
  5 orc priests
  An elf skeleton (D:8)
  Natasha (thrice) (D:6)
  An iguana (D:5)
  4 orc wizards
  7 worker ants
  2 worker ant zombies
  A scorpion zombie (D:9)
  15 adders
  12 gnolls
  A shadow imp (D:5)
  A worm (D:4)
  An adder skeleton (D:9)
  5 giant geckos
  An ooze (D:1)
  19 orcs
  3 ball pythons
  13 bats
  A bat skeleton (D:6)
  A bat zombie (D:5)
  2 giant cockroaches (D:2)
  7 goblins
  12 hobgoblins
  17 jackals
  16 kobolds
  3 quokkas
  7 giant newts
  A giant spore (D:9)
  A goblin skeleton (D:4)
  A jackal skeleton (D:5)
  2 kobold zombies (D:8)
  13 rats
  2 ballistomycetes
  2 bushes (D:3)
  A plant (D:3)
232 creatures vanquished.

Vanquished Creatures (others)
  2 giant spores
2 creatures vanquished.

Grand Total: 234 creatures vanquished

Notes
Turn   | Place    | Note
--------------------------------------------------------------
     0 | D:1      | Heini, the Minotaur Fighter, began the quest for the Orb.
     0 | D:1      | Reached XP level 1. HP: 19/19 MP: 1/1
    76 | D:1      | Reached skill level 4 in Fighting
   120 | D:1      | Reached XP level 2. HP: 18/27 MP: 1/1
   392 | D:1      | Found an iron altar of Okawaru.
   404 | D:1      | Became a worshipper of Warmaster Okawaru
   788 | D:2      | Reached XP level 3. HP: 27/34 MP: 2/2
  1051 | D:2      | Found a stormy altar of Qazlal.
  1119 | D:2      | Found a shattered altar of Ashenzari.
  1398 | D:3      | Reached skill level 5 in Fighting
  1555 | D:3      | Reached XP level 4. HP: 40/42 MP: 2/2
  1594 | D:3      | Noticed Arvee's ghost (average DDBe)
  1639 | D:3      | Killed Arvee's ghost
  1639 | D:3      | Reached skill level 5 in Armour
  1639 | D:3      | Reached XP level 5. HP: 15/49 MP: 2/2
  2304 | D:4      | Found Ghiadi's Gadget Emporium.
  2353 | D:4      | Found Imep's Assorted Antiques.
  2359 | D:4      | Found Sauvuaw's Antique Weapon Boutique.
  2384 | D:4      | Found a white marble altar of Elyvilon.
  2406 | D:4      | Found Skeisax's Distillery.
  2413 | D:4      | Reached XP level 6. HP: 54/57 MP: 3/3
  2446 | D:4      | Reached skill level 6 in Fighting
  2736 | D:4      | Reached skill level 5 in Maces & Flails
  2861 | D:4      | Found a shimmering altar of Xom.
  2861 | D:4      | Found a glowing golden altar of the Shining One.
  3028 | D:5      | Entered Level 5 of the Dungeon
  3028 | D:5      | Found a basalt altar of Yredelemnul.
  3028 | D:5      | Noticed a human
  3088 | D:5      | Reached XP level 7. HP: 37/63 MP: 3/3
  3107 | D:5      | Acquired Okawaru's first power
  3243 | D:5      | Killed a human
  3243 | D:5      | Reached skill level 7 in Armour
  3671 | D:5      | Reached XP level 8. HP: 44/73 MP: 3/3
  4246 | D:6      | Found a radiant altar of Vehumet.
  4326 | D:6      | Noticed Natasha
  4334 | D:6      | Killed Natasha
  4451 | D:6      | Reached skill level 8 in Armour
  4490 | D:6      | Noticed Natasha
  4496 | D:6      | Killed Natasha
  4594 | D:6      | Noticed Natasha
  4599 | D:6      | Killed Natasha
  4604 | D:6      | Found a staircase to the Ecumenical Temple.
  4623 | Temple   | Entered the Ecumenical Temple
  4959 | D:7      | Reached skill level 9 in Maces & Flails
  5155 | D:7      | Reached XP level 9. HP: 82/82 MP: 4/4
  6011 | D:8      | Reached skill level 10 in Maces & Flails
  6023 | D:8      | Found Riruire's Antique Armour Shop.
  6029 | D:8      | Found Thrucot's General Store.
  6093 | D:8      | Found Tupsadyth's Weapon Boutique.
  6193 | D:8      | Found Ijaelaj's Gadget Boutique.
  6463 | D:8      | Reached skill level 10 in Fighting
  6477 | D:8      | Found Cuifrio's Food Shoppe.
  6743 | D:9      | Noticed Heini's ghost (powerful MiFi)
  6784 | D:9      | Killed Heini's ghost
  6784 | D:9      | Reached skill level 11 in Maces & Flails
  6784 | D:9      | Reached XP level 10. HP: 12/94 MP: 4/4
  7112 | D:9      | Reached skill level 10 in Armour
  7129 | D:9      | Found Poecom's Distillery.
  7482 | D:10     | Entered Level 10 of the Dungeon
  7482 | D:10     | Noticed Grum
  7548 | D:9      | HP: 2/110 [orc/flail (6)]
  7549 | D:9      | Slain by a wolf

Action                   |  1- 3 |  4- 6 |  7- 9 | 10-12 || total
-------------------------+-------+-------+-------+-------++-------
Melee: Flail             |   130 |   231 |   447 |    80 ||   888
Invok: Heroism           |       |       |       |     1 ||     1
Evoke: Wand              |       |       |       |     2 ||     2
  Use: Scroll            |     3 |     2 |     7 |       ||    12
       Potion            |       |     1 |     2 |     3 ||     6
  Eat: Chunk             |     2 |     6 |    13 |     4 ||    25
